 Dungeon Crawl Stone Soup version 0.29.1-15-g9cfb28693d (webtiles) character file.

Game seed: 4386717011548506320

106 safid the Chiller (level 4, -2/34 HPs)
             Began as a Merfolk Ice Elementalist on Mar 27, 2023.
             Slain by Sigmund
             ... wielding a +0 scythe
              (9 damage)
             ... on level 2 of the Dungeon.
             The game lasted 00:05:22 (2182 turns).

safid the Chiller (Merfolk Ice Elementalist)        Turns: 2182, Time: 00:05:23

Health: -2/34      AC:  9    Str:  8    XL:     4   Next: 84%
Magic:  1/8        EV: 12    Int: 16    God:
Gold:   149        SH:  0    Dex: 14    Spells: 2/9 levels left

rFire   . . .      SeeInvis .   d - +0 short sword
rCold   . . .      Faith    .   (no shield)
rNeg    . . .      Spirit   .   a - +0 robe
rPois   .          Reflect  .   o - +0 helmet
rElec   .          Harm     .   (no cloak)
rCorr   .          Rampage  .   (no gloves)
Will    .....                   (no boots)
Stlth   ++........              (no amulet)
HPRegen 0.11/turn               (no ring)
MPRegen 0.11/turn               (no ring)

@: ice-armoured, freezing walls
A: (nimble swimmer 2), mertail
a: no special abilities


You were on level 2 of the Dungeon.
You visited 1 branch of the dungeon, and saw 2 of its levels.

You collected 149 gold pieces.

Inventory:

Hand Weapons
 d - a +0 short sword (weapon)
Armour
 a - a +0 robe (worn)
 o - a +0 helmet (worn)
Scrolls
 c - 2 scrolls of teleportation {unknown}
 g - a scroll of fear {unknown}
 j - a scroll of enchant armour {unknown}
 n - 2 scrolls of identify {unknown}
Potions
 e - a potion of resistance {unknown}
 f - a potion of curing
 h - a potion of flight {unknown}
 i - a potion of haste {unknown}
 k - a potion of degeneration {unknown}
 l - a potion of attraction {unknown}
 m - 2 potions of might {unknown}


   Skills:
 + Level 2.6 Fighting
 - Level 2.6 Dodging
 - Level 2.1 Stealth
 + Level 3.0 Spellcasting
 + Level 5.2 Ice Magic


You had 2 spell levels left.
You knew the following spells:

 Your Spells              Type           Power      Damage    Failure   Level
a - Freeze                Ice            76%        1d9       2%          1
b - Ozocubu's Armour      Ice            19%        N/A       7%          3
c - Frozen Ramparts       Ice            38%        1d6       7%          3

Your spell library contained the following spells:

 Spells                   Type           Power      Damage    Failure   Level
 Magic Dart               Conj           8%         1d3       19%         1
 Call Imp                 Summ           2%         N/A       28%         2
 Mephitic Cloud           Conj/Pois/Air  2%         N/A       50%         3
 Hailstorm                Conj/Ice       10%        3d5       54%         4
 Ice Form                 Ice/Tmut       10%        N/A       54%         4
 Summon Ice Beast         Ice/Summ       10%        N/A       54%         4


Dungeon Overview and Level Annotations

Branches:
Dungeon (2/15)

Altars:

Annotations:
D:2 Sigmund


Innate Abilities, Weirdness & Mutations

((You are very nimble when in or above water. (Stealth+, EV+, Speed+++)))
Your lower body shifts to a powerful aquatic tail in water.


Message History

Deactivating autopickup; reactivate with Ctrl-A.
You hit the worm.
You kill the worm!
The wall freezes something.
Something hits you.
Unknown command.
The wall freezes something but does no damage.
You hear some strange, mumbled words.
You are confused.
The frozen ramparts melt away.
Something hits you but does no damage.
A magic dart appears from out of thin air!
The magic dart hits you but does no damage.
Something hits you but does no damage.
You feel less confused. Something hits you.
Casting: Ozocubu's Armour (dangerous; 7% risk of failure)
Confirm with . or Enter, or press ? or * to list all spells.
You can't see any susceptible monsters within range! (Use Z to cast anyway.) Unknown command.
Unknown command.
Casting: Ozocubu's Armour (dangerous; 7% risk of failure)
Confirm with . or Enter, or press ? or * to list all spells.
You can't see any susceptible monsters within range! (Use Z to cast anyway.)
Casting: Ozocubu's Armour (dangerous; 7% risk of failure)
Confirm with . or Enter, or press ? or * to list all spells.
Casting: Frozen Ramparts (dangerous; 7% risk of failure)
Press: ? - help, Dir - look around, f - activate The walls around you are covered in ice.
The wall freezes something.
Something hits you but does no damage.
The wall freezes something.
You hear some strange, mumbled words.
Something tries to affect you, but you resist.
The wall freezes something.
You hear some strange, mumbled words.
A puff of flame appears from out of thin air!
The puff of flame hits you.
* * * LOW HITPOINT WARNING * * *
The heat melts your icy armour.
The wall freezes something but does no damage.
Something hits you!
You die...

#.#
#.......
#.#
#####...
#.# #...
#.# ###.
#.# #..
#.# #..
#.# #..
#.# #..
#@# #..
#.# #.#
#{# #.#
#.. #..
### ###


There were no monsters in sight!

Vanquished Creatures
  A howler monkey (D:2)
  A gnoll (D:2)
  A worm (D:2)
  4 dart slugs
  4 bats
  3 endoplasms (D:1)
  3 giant cockroaches (D:1)
  5 goblins (D:1)
  4 hobgoblins
  5 jackals (D:2)
  2 kobolds
  A quokka (D:1)
  3 ball pythons
  3 frilled lizards
  2 rats (D:1)
42 creatures vanquished.

Notes
Turn   | Place    | Note
-------+----------+-------------------------------------------
     0 | D:1      | safid the Merfolk Ice Elementalist began the quest for the
                  | Orb.
     0 | D:1      | Reached XP level 1. HP: 13/13 MP: 3/3
   207 | D:1      | Reached XP level 2. HP: 9/20 MP: 0/5
   480 | D:1      | Reached skill level 1 in Fighting
   728 | D:1      | Reached XP level 3. HP: 26/26 MP: 2/6
   786 | D:1      | Found a faded altar of an unknown god.
  1012 | D:1      | You fall into a shaft and drop 1 floor!
  1717 | D:2      | Reached skill level 5 in Ice Magic
  1717 | D:2      | Reached XP level 4. HP: 34/34 MP: 3/8
  1721 | D:2      | Learned a level 3 spell: Ozocubu's Armour
  1725 | D:2      | Learned a level 3 spell: Frozen Ramparts
  2160 | D:2      | Noticed Sigmund
  2182 | D:2      | Slain by Sigmund

Illustrated notes

Levels and vault maps discovered:
D:1:      dpeg_arrival_rhombi, layout_loops_ring,
          hellmonk_ecumenical_altar_defaced_shrine
D:2:      layout_loops_ring, chequers_big_river, chequers_arboretum,
          minmay_pentomino_pile, uniq_sigmund, uniq_crazy_yiuf_cottage

Skill      XL: |  1  2  3  4 |
---------------+-------------+-----
Fighting       | 1 2 |  2.6
Ice Magic      | 5 |  5.2
Spellcasting   | 3 |  3.0
Dodging        | |  2.6
Stealth        | |  2.1

Action                   |  1- 3 |  4- 6 || total
-------------------------+-------+-------++-------
Melee: Short sword       |    52 |     8 ||    60
       Punch             |     1 |       ||     1
 Cast: Freeze            |    30 |       ||    30
       Frozen Ramparts   |       |     5 ||     5
       Ozocubu's Armour  |       |     3 ||     3
  Use: Potion            |       |     2 ||     2
 Stab: Sleeping          |     6 |       ||     6
Armor: Robe              |     7 |    18 ||    25
Dodge: Dodged            |    49 |    34 ||    83
